 Dungeon Crawl Stone Soup version 0.32-a0-128-g77eb882913 (webtiles) character file.

Game seed: 10398513316842783215

42 Norock the Ruffian (level 3, 0/3 HPs)
             Began as a Troll Berserker on Feb 6, 2024.
             Was a Believer of Trog.
             Slain by an adder (1 damage)
             ... on level 3 of the Dungeon on Feb 7, 2024.
             The game lasted 00:17:15 (1609 turns).

Norock the Ruffian (Troll Berserker)                Turns: 1609, Time: 00:17:15

Health: 0/3        AC:  2    Str: 27    XL:     3   Next: 35%
Magic:  2/2        EV: 10    Int:  3    God:    Trog [**....]
Gold:   81         SH:  0    Dex:  9    Spells: 2/2 levels left

rFire   . . .        u - +0 great sword
rCold   . . .        (shield currently unavailable)
rNeg    . . .        w - melded +0 robe
rPois   .            (helmet restricted)
rElec   .            (no cloak)
rCorr   .            (gloves unavailable)
SInv    .            (boots unavailable)
Will    .....        (no amulet)
Stlth   +            (no ring)
HPRegen 1.00/turn    (no ring)
MPRegen 0.08/turn

%: no passive effects
@: lethally poisoned (0 -> -1), maw-form
A: devouring maw, reduced hp, large, unfitting armour, claws 3, regeneration 1,
shaggy fur 1, tough skin 1
a: Begin Untransformation, Renounce Religion, Berserk, Trog's Hand


You were on level 3 of the Dungeon.
You worshipped Trog.
Trog was pleased with you.
You were a creature with a mouth for a stomach.
You visited 1 branch of the dungeon, and saw 3 of its levels.

You collected 81 gold pieces.

Inventory:

Hand Weapons
 c - a +0 spear
 h - a +0 hand axe
 j - a +0 whip
 l - a +0 dagger
 n - a +0 dagger
 q - a +0 dagger
 u - a +0 great sword (weapon)
Armour
 a - a +0 animal skin
 r - a +0 pair of boots
 w - a +0 robe (melded)
Jewellery
 d - a ring of see invisible
Talismans
 D - a maw talisman (active)
Wands
 t - a wand of charming (3)
 y - a wand of acid (11)
Scrolls
 e - 2 scrolls of enchant weapon {unknown}
 f - 4 scrolls of fear {unknown}
 i - a scroll of blinking {unknown}
 k - 2 scrolls of enchant armour {unknown}
 m - a scroll of poison {unknown}
 p - 2 scrolls of teleportation {unknown}
 x - a scroll of amnesia {unknown}
 B - a scroll of identify {unknown}
 C - 3 scrolls of revelation {unknown}
Potions
 b - a potion of curing {unknown}
 g - a potion of heal wounds {unknown}
 o - a potion of berserk rage {unknown}
 s - a potion of brilliance {unknown}
 v - 2 potions of attraction {unknown}
 z - a potion of resistance {unknown}
 A - a potion of lignification {unknown}


   Skills:
 + Level 2.8 Fighting
 + Level 2.7 Dodging
 + Level 0.1 Stealth
 + Level 3.7 Unarmed Combat


You had 2 spell levels left.
You didn't know any spells.
Your spell library contained the following spells:

 Spells                   Type           Power      Damage    Failure   Level
 Apportation              Tloc           0%         N/A       52%         1
 Shock                    Conj/Air       0%         1d3       52%         1
 Jinxbite                 Hex            0%         N/A       67%         2
 Swiftness                Air            0%         N/A       88%         3
 Airstrike                Air            0%         2d(0-16)  99%         4
 Alistair's Intoxication  Alch           0%         N/A       100%        5


Dungeon Overview and Level Annotations

Branches:
Dungeon (3/15)

Altars:
Gozag

Annotations:
D:2 1 runed translucent door, Crazy Yiuf


Innate Abilities, Weirdness & Mutations

You are a creature with a mouth for a stomach.
Your midsection houses a second, enormous mouth.
Your maximum health is decreased, since you lack skill for your form.
You are too large for most types of armour.
You have claws for hands.
Your natural rate of healing is unusually fast.
You are covered in fur. (AC +1)
You have tough skin. (AC +1)


Message History

Found a maw talisman.
There is an open door here.
A ball python comes into view.
Found a cyan potion.
The ball python hisses angrily.
A bat comes into view.
The bat closely misses you. The bat hits you but does no damage.
The ball python bites you but does no damage.
You claw the ball python!
You kill the ball python!
Trog accepts your kill. The bat barely misses you. The bat closely misses you.
You see here 10 gold pieces.
The bat barely misses you.
You claw the bat!
You kill the bat!
Trog accepts your kill.
You now have 81 gold pieces (gained 10).
v - 2 cyan potions (gained 1)
C - 3 scrolls labelled QUBIVE GYMADO You see here a maw talisman.
D - a maw talisman Unknown command.
u - a +0 great sword (weapon)
You start removing your armour.
You continue taking off your +0 animal skin. x4
You finish taking off your +0 animal skin.
You start putting on your armour.
You continue putting on your +0 robe. x5
You finish putting on your +0 robe.
This armour is too small for you!
You begin transforming.
You continue transforming. x3
You turn into a creature with a mouth for a stomach.
Your +0 robe melds into your body.
HP restored.
An adder comes into view.
The adder hisses angrily.
You closely miss the adder. Your bite misses the adder. The adder bites you.
Ouch! That really hurt!
You are lethally poisoned!
The adder poisons you! The adder bites you.
You die...

##########
#........
#.......#
#.......#
#.......#
#.......#
#.S.....# #W...#
#.#### #.#### .#
#....########.#
####..........#
######..........#
#...............#
#...............+
#...............#


You could see an adder.

Vanquished Creatures
  A dart slug (D:2)
  A ribbon worm (D:2)
  4 ball pythons
  6 endoplasms
  A giant cockroach (D:3)
  3 goblins
  7 hobgoblins
  A quokka (D:1)
  2 bats
  2 frilled lizards
  A kobold (D:1)
  6 rats
35 creatures vanquished.

Notes
Turn   | Place    | Note
-------+----------+-------------------------------------------
     0 | D:1      | Norock the Troll Berserker began the quest for the Orb.
     0 | D:1      | Reached XP level 1. HP: 22/22 MP: 0/0
   346 | D:1      | Reached XP level 2. HP: 29/29 MP: 1/1
   673 | D:1      | Reached ** piety under Trog
   903 | D:2      | Upgraded the game from 0.32-a0-119-g2e8054a333 to
                  | 0.32-a0-128-g77eb882913
   903 | D:2      | Found an opulent altar of Gozag.
   971 | D:2      | Reached XP level 3. HP: 35/36 MP: 2/2
  1096 | D:2      | Found a runed translucent door.
  1097 | D:2      | Noticed Crazy Yiuf
  1455 | D:3      | Found a faded altar of an unknown god.
  1609 | D:3      | Slain by an adder

Illustrated notes

Levels and vault maps discovered:
D:1:      sevenhm_arrival_forest_fort_large_2, layout_loops_corners,
          serial_bayou_pond_d, hangedman_decor_points, minmay_ruptured
D:2:      layout_rooms, basic_altar, nicolae_kite_square_tiling_tiny,
          uniq_crazy_yiuf_cottage
D:3:      layout_basic, basic_ecumenical_altar

Action                     || total
---------------------------++-------
  Melee: Unarmed           ||    62
         Punch             ||     3
         Great sword       ||     1
    Use: Potion            ||     1
   Stab: Sleeping          ||     2
 Armour: Animal skin       ||    27
         Skin              ||     2
  Dodge: Dodged            ||    34
   Form: Maw               ||     1

Table legend: (Time is in decaauts)
 A = Elapsed time spent in this place.
 B = Non-inter-level travel time spent in this place.
 C = Inter-level travel time spent in this place.
 D = Time resting spent in this place.
 E = Time spent auto-exploring this place.
 F = Levels seen in this place.
 G = Mean time per level.
                   A        B        C        D        E       F      G
               +--------+--------+--------+--------+--------+-----+--------+
         Total |   1604 |    699 |    905 |      0 |    407 |   3 |  534.7 |
       Dungeon |   1604 |    699 |    905 |      0 |    407 |   3 |  534.7 |
               +--------+--------+--------+--------+--------+-----+--------+

Top non-repeatable levels by time:
     D:1: 899 daAuts
     D:2: 548 daAuts
     D:3: 156 daAuts
